 Dungeon Crawl Stone Soup version 0.23-a0-286-gcae3914892 (webtiles) character file.

14350 Napalmbreeze the Cleaver (level 11, -5/104 HPs)
             Began as a Deep Dwarf Fighter on Oct 3, 2018.
             Was a High Priest of Makhleb.
             Killed from afar by Nergalle (18 damage)
             ... with a bolt of negative energy
             ... on level 1 of the Lair of Beasts.
             The game lasted 00:20:47 (9372 turns).

Napalmbreeze the Cleaver (Deep Dwarf Fighter)       Turns: 9372, Time: 00:20:48

Health: -5/104     AC: 12    Str: 27    XL:     11   Next: 87%
Magic:  10/10      EV: 10    Int: 14    God:    Makhleb [*****.]
Gold:   584        SH:  0    Dex: 17    Spells: 10/10 levels left

rFire    . . .     SeeInvis .   H - +9 mace "Huypsiema" {holy, rElec MR- Str+5}
rCold    . . .     Gourm    +   (no shield)
rNeg     . . .     Faith    .   D - +0 chain mail
rPois    .         Spirit   .   (no helmet)
rElec    +         Reflect  .   M - +1 cloak {MR+}
rCorr    .         Harm     .   (no gloves)
MR       +....                  F - +0 pair of boots (curse)
Stlth    ..........             O - amulet of the gourmand
HPRegen  0.00/turn              J - +4 ring of intelligence
MPRegen  0.12/turn              s - +5 ring of dexterity

@: lethally poisoned (-5 -> -5), non-regenerating, very heavily drained
A: damage resistance, heal wounds, sense surroundings 2, no regeneration
a: Heal Wounds, Minor Destruction, Lesser Servant of Makhleb, Major Destruction,
Greater Servant of Makhleb, Renounce Religion


You were on level 1 of the Lair of Beasts.
You worshipped Makhleb.
Makhleb was extremely pleased with you.
You were completely stuffed.

You visited 3 branches of the dungeon, and saw 13 of its levels.

You collected 584 gold pieces.

Inventory:

Hand Weapons
 a - a +0 war axe
 H - the +9 mace "Huypsiema" (weapon) {holy, rElec MR- Str+5}
   (You found it on level 7 of the Dungeon)

   It has been blessed by the Shining One to cause great damage to the undead
   and demons.
   It affects your strength (+5).
   It insulates you from electricity.
   It affects your resistance to hostile enchantments.
Missiles
 b - 4 needles of sleeping
 x - 38 poisoned needles
Armour
 c - a +0 shield
 D - a +0 chain mail (worn)
 F - a cursed +0 pair of boots (worn)
 M - a +1 cloak of magic resistance (worn)
 T - a cursed +0 leather armour
Jewellery
 k - an uncursed ring of wizardry
 s - a +5 ring of dexterity (right hand)
 J - a +4 ring of intelligence (left hand)
 O - an amulet of the gourmand (around neck)
Wands
 i - a wand of iceblast (11)
 q - a wand of polymorph (47)
 y - a wand of digging (16)
 G - a wand of flame (34)
 N - a wand of paralysis (27)
Scrolls
 e - 2 scrolls of fog {unknown}
 h - 6 scrolls of magic mapping {unknown}
 l - 3 scrolls of enchant armour {unknown}
 o - 3 scrolls of enchant weapon {unknown}
 p - 10 scrolls of identify {unknown}
 t - 3 scrolls of blinking {unknown}
 u - 4 scrolls of fear {unknown}
 v - 2 scrolls of remove curse {unknown}
 E - 4 scrolls of amnesia {unknown}
 I - a scroll of random uselessness {unknown}
 L - 6 scrolls of teleportation {unknown}
 P - a scroll of vulnerability {unknown}
 U - a scroll of silence {unknown}
Potions
 d - 4 potions of might
 g - a potion of ambrosia {unknown}
 j - a potion of curing
 m - 2 potions of brilliance {unknown}
 n - 2 potions of haste {unknown}
 r - 3 potions of magic {unknown}
 w - 3 potions of heal wounds {unknown}
 z - 2 potions of lignification {unknown}
 A - 3 potions of agility {unknown}
 B - a potion of experience {unknown}
 C - 3 potions of degeneration {unknown}
 K - a potion of cancellation {unknown}
 Q - a potion of resistance {unknown}
 R - a potion of mutation {unknown}
Comestibles
 f - 21 rations
 S - 5 chunks of flesh


   Skills:
 + Level 8.5(2.8) Fighting
 + Level 12.3(6.0) Axes
 + Level 10.1(4.2) Armour
 + Level 9.4(3.6) Dodging
 - Level 3.3(0.0) Shields
 + Level 6.2(0.8) Invocations


You had 10 spell levels left.
You didn't know any spells.
Your spell library contained the following spells:

 Spells                   Type           Power        Failure   Level  Hunger
 Confusing Touch          Hex            #.....       86%         1    ##.....
 Corona                   Hex            #......      86%         1    ##.....
 Flame Tongue             Conj/Fire      #....        86%         1    ##.....
 Ensorcelled Hibernation  Hex/Ice        #.....       94%         2    ###....
 Throw Flame              Conj/Fire      #.....       94%         2    ###....
 Confuse                  Hex            #.......     99%         3    ####...
 Conjure Flame            Conj/Fire      #.......     99%         3    ####...
 Dazzling Spray           Conj/Hex       #.....       99%         3    ####...
 Gell's Gravitas          Tloc           #.........   99%         3    ####...
 Inner Flame              Hex/Fire       #.......     99%         3    ####...
 Tukima's Dance           Hex            #.......     99%         3    ####...
 Petrify                  Tmut/Erth      #.......     100%        4    #####..
 Sticky Flame             Conj/Fire      #.......     100%        4    #####..
 Fireball                 Conj/Fire      #.........   100%        5    ######.
 Metabolic Englaciation   Hex/Ice        #.........   100%        5    ######.
 Yara's Violent Unravell  Hex/Tmut       #.........   100%        5    ######.


Dungeon Overview and Level Annotations

Branches:
Dungeon (11/15)            Temple (1/1) D:4            Lair (1/6) D:11
    Orc (0/2) D:9

Altars:
Ashenzari
Cheibriados
Elyvilon
Fedhas
Gozag
Hepliaklqana
Kikubaaqudgha
Makhleb
Nemelex Xobeh
Okawaru
Qazlal
Sif Muna
Trog
Uskayaw
Vehumet
Xom
Yredelemnul
Zin
The Shining One

Shops:
D:11 (

Annotations:
D:3 2 transporters
Lair:1 Nergalle


Innate Abilities, Weirdness & Mutations

You are resistant to damage.
You can heal yourself by infusing magical energy.
You passively map the area around you.
You do not regenerate.


Message History

Nergalle is heavily wounded.
The spectral orc warrior closely misses you.
The spectral orc warrior hits you but does no damage.
The spectral orc closely misses you.
The spectral orc warrior hits you but does no damage.
The spectral orc warrior closely misses you.
Nergalle misses you.
The spectral orc warrior hits you with a trident.
The spectral orc warrior completely misses you.
The spectral orc completely misses you.
You feel much better.
The spectral orc warrior barely misses you.
The spectral orc warrior hits you but does no damage.
The spectral orc warrior hits you with a war axe!
* * * LOW HITPOINT WARNING * * *
You feel drained.
* * * LOW HITPOINT WARNING * * *
Nergalle points at you and mumbles some strange words.
The bolt of negative energy hits you!
You feel drained.
You die...

** ###### ### #** * *
P########.##.###P###.##.
...........>...ZZZ......
,, ,
+#.##..........Z@o.....#
*
.................Z.....#
.......................#
.##.P..................#
.†.....÷....########...#
,
...................#...#
* ..........+........#
..# *
#.###.###.#........#, .#
, ### #####.#........#
., ****


You could see Nergalle, a spectral orc and 4 spectral orc warriors.

Vanquished Creatures
  Harold (D:8)
  A hydra (Lair:1)
  Urug (Lair:1)
  A manticore (D:11)
  Maurice (D:8)
  A polar bear (D:8)
  Prince Ribbit (D:7)
  A hippogriff (D:11)
  25 yaks
  A wyvern (D:8)
  3 wraiths
  3 basilisks (D:11)
  A hungry ghost (D:11)
  A steam dragon (D:11)
  A two-headed ogre zombie (D:9)
  A water moccasin (D:11)
  3 orc warriors
  3 porcupines
  A sky beast (D:5)
  3 phantoms
  A black bear (D:11)
  5 ice beasts
  An eye of draining (D:10)
  8 ogres
  A necrophage (D:6)
  A wolf (D:8)
  2 centaurs
  2 crocodiles
  9 bullfrogs
  3 scorpions
  A troll zombie (D:9)
  6 killer bees (D:11)
  9 wights
  2 electric eels (D:8)
  2 howler monkeys
  4 jellies
  4 crimson imps
  A quasit (D:6)
  2 bullfrog zombies
  4 orc priests
  5 hounds
  Crazy Yiuf (D:7)
  10 orc wizards
  A centaur skeleton (D:6)
  Jessica (D:3)
  A bullfrog skeleton (D:4)
  4 iguanas
  7 worker ants
  6 ogre zombies (D:9)
  A hound zombie (D:9)
  A howler monkey zombie (D:9)
  4 gnolls (D:8)
  15 adders
  A hound simulacrum (D:8)
  4 shadow imps
  2 white imps (D:8)
  2 oozes
  An adder zombie (D:5)
  An adder skeleton (D:4)
  2 worms
  4 dart slugs
  9 leopard geckos
  22 orcs
  3 ball pythons
  8 bats
  5 giant cockroaches
  8 goblins
  8 hobgoblins
  8 jackals
  4 quokkas
  A ball python skeleton (D:4)
  11 frilled lizards
  3 goblin skeletons (D:9)
  3 goblin zombies (D:9)
  3 hobgoblin zombies (D:9)
  12 kobolds
  5 orc skeletons (D:9)
  11 orc zombies (D:9)
  8 rats
328 creatures vanquished.

Vanquished Creatures (others)
  A fungus (D:11)
1 creature vanquished.

Grand Total: 329 creatures vanquished

Notes
Turn   | Place    | Note
-------+----------+-------------------------------------------
     0 | D:1      | Napalmbreeze the Deep Dwarf Fighter began the quest for the
                  | Orb.
     0 | D:1      | Reached XP level 1. HP: 20/20 MP: 1/1
   255 | D:1      | Reached XP level 2. HP: 22/27 MP: 2/2
   692 | D:1      | Reached XP level 3. HP: 22/34 MP: 3/3
   817 | D:1      | Reached skill level 3 in Axes
   939 | D:2      | Found a faded altar of an unknown god.
   992 | D:2      | Found a hazy altar of Hepliaklqana.
  1018 | D:2      | Reached skill level 1 in Dodging
  1250 | D:2      | Reached XP level 4. HP: 34/42 MP: 4/4
  1595 | D:3      | Noticed Jessica
  1603 | D:3      | Killed Jessica
  1670 | D:3      | Found a basalt altar of Yredelemnul.
  1670 | D:3      | Found a deep blue altar of Sif Muna.
  1815 | D:3      | Found a transporter.
  1838 | D:3      | Found a transporter.
  1900 | D:3      | Reached XP level 5. HP: 35/49 MP: 5/5
  1907 | D:3      | Reached skill level 4 in Axes
  2615 | D:4      | Found a staircase to the Ecumenical Temple.
  2638 | Temple   | Entered the Ecumenical Temple
  2790 | Temple   | Became a worshipper of Makhleb the Destroyer
  2847 | D:4      | Noticed an ogre
  2857 | D:4      | Killed an ogre
  2857 | D:4      | Reached XP level 6. HP: 48/57 MP: 6/6
  3063 | D:5      | Entered Level 5 of the Dungeon
  3145 | D:5      | Reached skill level 5 in Axes
  3490 | D:5      | Reached XP level 7. HP: 44/64 MP: 7/7
  3590 | D:5      | Reached skill level 5 in Armour
  3639 | D:5      | Reached skill level 6 in Axes
  4129 | D:6      | Found a glowing golden altar of the Shining One.
  4297 | D:6      | Reached * piety under Makhleb
  4322 | D:6      | Found a blossoming altar of Fedhas.
  4349 | D:6      | Reached XP level 8. HP: 18/73 MP: 7/7
  4374 | D:6      | Reached skill level 7 in Axes
  4410 | D:6      | Found the +6 lightning scales {run, rElec}
  4470 | D:6      | Found an ancient bone altar of Kikubaaqudgha.
  4530 | D:6      | Found a white marble altar of Elyvilon.
  4595 | D:6      | Found a shattered altar of Ashenzari.
  4777 | D:6      | Reached skill level 5 in Fighting
  4878 | D:7      | Reached skill level 5 in Dodging
  4898 | D:7      | Reached skill level 8 in Axes
  4937 | D:7      | Found a runed door.
  4957 | D:7      | Noticed Crazy Yiuf
  4967 | D:7      | Killed Crazy Yiuf
  4971 | D:7      | Got a faintly glowing mace
  4973 | D:7      | Identified the +9 mace "Huypsiema" {holy, rElec MR- Str+5}
                  | (You found it on level 7 of the Dungeon)
  5150 | D:7      | Found a shattered altar of Ashenzari.
  5221 | D:7      | Gained mutation: You passively map the area around you.
                  | [Deep Dwarf growth]
  5221 | D:7      | Reached XP level 9. HP: 80/81 MP: 8/8
  5249 | D:7      | Reached ** piety under Makhleb
  5683 | D:7      | Reached skill level 9 in Axes
  5716 | D:7      | Noticed Prince Ribbit
  5725 | D:7      | Killed Prince Ribbit
  5898 | D:8      | Noticed a polar bear
  5920 | D:8      | Killed a polar bear
  5920 | D:8      | Reached skill level 10 in Axes
  5936 | D:8      | Noticed Harold
  5968 | D:8      | Killed Harold
  5968 | D:8      | Reached XP level 10. HP: 61/92 MP: 8/8
  6272 | D:8      | Found a blossoming altar of Fedhas.
  6337 | D:8      | Noticed Maurice
  6424 | D:8      | Killed Maurice
  6721 | D:9      | Reached *** piety under Makhleb
  6889 | D:9      | Reached skill level 11 in Axes
  6923 | D:9      | Reached **** piety under Makhleb
  6939 | D:9      | Found a staircase to the Orcish Mines.
  7191 | D:9      | Reached skill level 1 in Invocations
  7210 | D:9      | Found a shimmering altar of Xom.
  7471 | D:10     | Entered Level 10 of the Dungeon
  7789 | D:10     | Reached XP level 11. HP: 75/100 MP: 11/11
  8295 | D:11     | Found a staircase to the Lair.
  8343 | D:11     | Reached ***** piety under Makhleb
  8565 | D:11     | Reached skill level 5 in Invocations
  8629 | D:11     | Reached skill level 12 in Axes
  8662 | D:11     | Found Ifonill's Weapon Shop.
  9246 | Lair:1   | Entered Level 1 of the Lair of Beasts
  9257 | Lair:1   | Noticed Urug
  9286 | Lair:1   | Killed Urug
  9286 | Lair:1   | Reached skill level 10 in Armour
  9318 | Lair:1   | Noticed a five-headed hydra
  9328 | Lair:1   | HP: 4/104 [five-headed hydra (7)]
  9341 | Lair:1   | Killed a five-headed hydra
  9351 | Lair:1   | Noticed Nergalle
  9372 | Lair:1   | Killed from afar by Nergalle

Vault maps used:
D:1:      lemuel_arrival_tunnels
D:2:      nicolae_overflow_crystal_walls, chequers_ecumenical_altar_simple
D:3:      gammafunk_steamed_eel, chequers_temple_overflow_statue_of_worship,
          uniq_jessica
D:4:      minmay_temple_entry_grid, first_ration
D:5:      minmay_door_square
D:6:      lemuel_round_altar, lemuel_coloured_pillars_altar, marbit_many_paths,
          lemuel_crystal_altar, nicolae_ashenzari_panopticon
D:7:      lemuel_doored_altar, uniq_crazy_yiuf_cottage, uniq_prince_ribbit1
D:8:      basic_altar, serial_ice, serial_ice_a, serial_ice_o, serial_ice_j,
          serial_ice_n, serial_ice_c, serial_ice_d, uniq_maurice, uniq_harold
D:9:      zombieorc2_lemuel, basic_altar
D:10:     serial_glass, glass_columns_a, glass_columns_b
D:11:     minmay_lair_entry_grove, serial_shops, nicolae_shop_crystal
Temple:   minmay_temple_curvy_branch
Lair:1:   fungi_pond_lemuel, uniq_nergalle, uniq_urug

Skill      XL: |  1  2  3  4  5  6  7  8  9 10 11 |
---------------+----------------------------------+-----
Fighting       | 3 4 5 6 7 8 |  8.5
Axes           | 3 4 5 6 8 10 11 12 | 12.3
Dodging        | 1 2 3 4 5 6 8 9 |  9.4
Armour         | 4 5 6 8 9 10 | 10.1
Invocations    | 2 6 |  6.2
Shields        | |  3.3

Action                   |  1- 3 |  4- 6 |  7- 9 | 10-12 || total
-------------------------+-------+-------+-------+-------++-------
Melee: War axe           |   164 |   172 |   186 |       ||   522
       Mace              |       |       |   173 |   579 ||   752
 Abil: Heal Wounds       |     1 |     2 |     8 |    14 ||    25
  Use: Potion            |       |       |       |     4 ||     4
  Eat: Chunk             |     1 |     5 |     8 |    21 ||    35
       Ration            |       |     1 |       |       ||     1
Armor: Scale mail        |    91 |    87 |    16 |       ||   194
       Chain mail        |       |       |   203 |   314 ||   517
Dodge: Dodged            |   103 |   120 |   240 |   473 ||   936
Block: Shield            |     9 |       |       |       ||     9

Table legend:
 A = Non-vault XP
 B = Vault XP
 C = Vault XP percentage of total XP
 D = Non-vault monster count
 E = Vault monster count
 F = Vault count percentage of total count
                 A         B        C        D         E       F
            +---------+---------+-------+---------+---------+-------
      Total |   14129 |    6372 |  31.1 |     265 |      63 |  19.2
            +---------+---------+-------+---------+---------+-------
        D:1 |      50 |       0 |   0.0 |      30 |       0 |   0.0
        D:2 |      60 |       0 |   0.0 |      25 |       0 |   0.0
        D:3 |      76 |      37 |  32.7 |      21 |       1 |   4.5
        D:4 |     250 |       0 |   0.0 |       8 |       0 |   0.0
        D:5 |     573 |       0 |   0.0 |      23 |       0 |   0.0
        D:6 |     910 |     116 |  11.3 |      23 |       1 |   4.2
        D:7 |    1374 |     308 |  18.3 |      31 |       2 |   6.1
        D:8 |     888 |    2328 |  72.4 |      21 |      10 |  32.3
        D:9 |    1559 |     774 |  33.2 |      24 |      36 |  60.0
       D:10 |    2793 |       0 |   0.0 |      17 |       0 |   0.0
       D:11 |    4408 |    1962 |  30.8 |      39 |      12 |  23.5
     Lair:1 |    1188 |     847 |  41.6 |       3 |       1 |  25.0
            +---------+---------+-------+---------+---------+-------
